 Dungeon Crawl Stone Soup version 0.16.0-19-gb078050 (webtiles) character file.

67 Doomdude the Chiller (level 4, 0/35 HPs)
             Began as a Hill Orc Ice Elementalist on Mar 23, 2015.
             Slain by a gnoll (2 damage)
             ... on level 2 of the Dungeon.
             The game lasted 00:07:48 (1335 turns).

Doomdude the Chiller (Hill Orc Ice Elementalist)    Turns: 1335, Time: 00:07:49

Health: 0/35       AC:  3    Str: 10    XL:     4   Next: 18%
Magic:  0/7        EV: 12    Int: 16    God:
Gold:   48         SH:  0    Dex: 11    Spells: 1 memorised, 6 levels left

rFire  . . .     SeeInvis .     h - +0 mace
rCold  . . .     Clarity  .     a - +0 robe
rNeg   . . .     SustAb   .     (no shield)
rPois  .         Gourm    .     (no helmet)
rElec  .         Spirit   .     (no cloak)
rCorr  .         Warding  .     i - +0 pair of gloves
rMut   .         Stasis   .     (no boots)
MR     .....                    (no amulet)
Stlth  ++........               (no ring)
                                (no ring)

@: not resistant to hostile enchantments, unstealthy
A: no striking features
a: no special abilities


You were on level 2 of the Dungeon.
You were very hungry.

You visited 1 branch of the dungeon, and saw 2 of its levels.

You collected 48 gold pieces.

Inventory:

Hand weapons
 g - a +0 club
 h - a +0 mace (weapon)
Armour
 a - a +0 robe (worn)
 i - a +0 pair of gloves (worn)
Scrolls
 e - a scroll of magic mapping {unknown}
 j - a scroll of fog {unknown}
 l - a scroll of enchant weapon {unknown}
 p - a scroll of identify {unknown}
Potions
 d - 3 potions of curing {unknown}
 f - a potion of restore abilities {unknown}
 k - a potion of heal wounds {unknown}
 m - a potion of brilliance {unknown}
 n - 2 potions of agility {unknown}
 o - a potion of cure mutation {unknown}
 q - 2 potions of cancellation {unknown}
Books
 b - a book of Frost

   Spells                             Type                      Level
   a - Freeze                         Ice                          1
   b - Throw Frost                    Conjuration/Ice              2
   c - Ozocubu's Armour               Charms/Ice                   3
   d - Throw Icicle                   Conjuration/Ice              4
   e - Summon Ice Beast               Ice/Summoning                4
   f - Condensation Shield            Ice                          4
Comestibles
 c - 2 meat rations


   Skills:
 * Level 1.2 Fighting
 * Level 0.7 Maces & Flails
 + Level 2.0 Dodging
 - Level 1.7 Stealth
 + Level 2.2 Spellcasting
   Level 1.0 Conjurations
 + Level 3.2 Ice Magic


You had 6 spell levels left.
You knew the following spells:

 Your Spells              Type           Power        Failure   Level  Hunger
a - Freeze                Ice            ##..         8%          1    #......


Dungeon Overview and Level Annotations

Branches:
Dungeon (2/15)

Altars:
Elyvilon


Message History

The gnoll hits you.
* * * LOW HITPOINT WARNING * * *
Casting: Freeze
Confirm with . or Enter, or press ? or * to list all spells.
Aiming: Freeze
Press: ? - help, Shift-Dir - straight line, f/p - gnoll
Aim: a gnoll (moderately wounded)
You freeze the gnoll.
The gnoll is severely wounded.
The gnoll hits you.
* * * LOW HITPOINT WARNING * * *
Casting: Freeze
Confirm with . or Enter, or press ? or * to list all spells.
Aiming: Freeze
Press: ? - help, Shift-Dir - straight line, f/p - gnoll
Aim: a gnoll (severely wounded)
You freeze the gnoll.
The gnoll is almost dead.
The gnoll hits you.
You die...

.# #.......# #.##.#. ## .
#####...# #.##.#. .# #...#####
#.#.... .# #...#...# #<#.##.
.######## #...#...# #.#.... .
%##<.(..#####...#...###......
.###.##..................รท.##.##.
.....##......)................##.
#)#...........g@...)......##.###
##.###.....#####...#...#####.###
##)## #.##### #...#...### #....
#.#.###.# #...#.....# ####.
.###..#.# #...#.....# #.[.. ##
##.#.# #.........# #.##. # ##..#
#...#)....# # #. # #...#
#######...#.....# #. .# #..###
#.........###.### ##


You could see a gnoll.

Vanquished Creatures
  2 gnolls (D:2)
  A worm (D:2)
  A giant gecko (D:1)
  7 bats
  7 hobgoblins
  3 ball pythons (D:1)
  3 giant newts
  7 goblins
  8 kobolds
  3 rats
42 creatures vanquished.

Notes
Turn   | Place    | Note
--------------------------------------------------------------
     0 | D:1      | Doomdude, the Hill Orc Ice Elementalist, began the quest for the Orb.
     0 | D:1      | Reached XP level 1. HP: 14/14 MP: 2/2
   161 | D:1      | Reached XP level 2. HP: 20/20 MP: 0/3
   200 | D:1      | Reached skill level 3 in Ice Magic
   615 | D:1      | Reached XP level 3. HP: 24/27 MP: 1/6
  1172 | D:2      | Found a white marble altar of Elyvilon.
  1307 | D:2      | Reached XP level 4. HP: 22/34 MP: 0/7
  1312 | D:2      | Reached skill level 1 in Fighting
  1335 | D:2      | Slain by a gnoll

Action                   |  1- 3 |  4- 6 || total
-------------------------+-------+-------++-------
Melee: Unarmed           |     2 |       ||     2
       Mace              |    75 |     7 ||    82
       Club              |     1 |       ||     1
 Cast: Freeze            |    35 |     4 ||    39
 Stab: Sleeping          |     1 |       ||     1
  Eat: Chunk             |     1 |       ||     1
